 Seeded DCSS version 0.27.1-35-g4d5d836560 (console) character file.

Game seed: 6011067639838279549 (custom seed)

3826 grimtooth the Frost Mage (level 10, -4/60 HPs)
             Began as a Gargoyle Ice Elementalist on Aug 10, 2022.
             Was a Follower of Sif Muna.
             Slain by Harold (6 damage)
             ... on level 7 of the Dungeon on Aug 11, 2022.
             The game lasted 00:46:09 (7988 turns).

grimtooth the Frost Mage (GrIE)                     Turns: 7988, Time: 00:46:09

Health: -4/60      AC: 24    Str: 11    XL:     10   Next: 17%
Magic:  7/25       EV:  6    Int: 26    God:    Sif Muna [*.....]
Gold:   346        SH:  0    Dex: 10    Spells: 6/17 levels left

rFire    . . .     SeeInvis .   w - +1 dagger (elec)
rCold    . . .     Faith    .   (no shield)
rNeg     + . .     Spirit   .   n - +2 animal skin
rPois    ∞         Reflect  .   o - +0 helmet
rElec    +         Harm     .   (no cloak)
rCorr    .         Rampage  .   u - +1 pair of gloves of the Bull {rPois}
Will     .....                  (no boots)
Stlth    ++........             x - amulet of magic regeneration
HPRegen  0.20/turn              j - ring of magical power
MPRegen  0.44/turn              r - +6 ring of intelligence

@: ice-armoured, attractive, held
A: sickness immunity, AC +7, negative energy resistance 1, electricity
resistance, torment resistance 1, petrification resistance
a: Renounce Religion, Channel Magic


You were on level 7 of the Dungeon.
You worshipped Sif Muna.
Sif Muna was aware of your devotion.
You visited 2 branches of the dungeon, and saw 8 of its levels.
You also visited: Sewer and Ossuary.

You collected 346 gold pieces.

Inventory:

Hand Weapons
 a - a +2 whip of freezing
 b - a +0 hunting sling
 e - a +2 dagger of venom
 w - a +1 dagger of electrocution (weapon)
Missiles
 h - 175 stones
 i - 2 throwing nets {=f}
 m - 92 arrows
 p - 36 bolts
 y - 62 sling bullets
 E - 17 poisoned darts (quivered)
 T - 3 boomerangs
Armour
 f - a +0 robe
 n - a +2 animal skin (worn)
 o - a +0 helmet (worn)
 u - the +1 pair of gloves of the Bull (worn) {rPois}
   (You found it in a sewer)

   rPois:     It protects you from poison.
 F - a +0 buckler
Jewellery
 j - a ring of magical power (left hand)
 r - a +6 ring of intelligence (right hand)
 x - an amulet of magic regeneration (around neck)
 C - a +6 ring of intelligence
Wands
 t - a wand of polymorph (12)
 v - a wand of iceblast (3)
 G - a wand of charming (5)
Scrolls
 c - 2 scrolls of fear {unknown}
 d - 10 scrolls of identify {unknown}
 s - 2 scrolls of amnesia {unknown}
 A - 3 scrolls of teleportation {unknown}
 D - a scroll of enchant armour {unknown}
 L - a scroll of enchant weapon {unknown}
 N - a scroll of fog {unknown}
 O - a scroll of blinking {unknown}
 P - a scroll of holy word {unknown}
 Q - a scroll of immolation {unknown}
 S - a scroll of noise {unknown}
Potions
 g - 6 potions of curing {unknown}
 k - 2 potions of flight {unknown}
 l - a potion of resistance {unknown}
 q - 3 potions of attraction
 z - a potion of lignification {unknown}
 B - 2 potions of berserk rage {unknown}
 H - 3 potions of cancellation {unknown}
 I - 2 potions of heal wounds {unknown}
 J - a potion of haste {unknown}
 K - a potion of degeneration {unknown}
 M - a potion of might {unknown}
 R - a potion of ambrosia {unknown}


   Skills:
 - Level 6.0 Fighting
 + Level 1.4 Short Blades
 * Level 5.2 Maces & Flails
 - Level 6.0 Armour
 - Level 1.5 Dodging
 - Level 2.1 Stealth
 - Level 4.0 Spellcasting
 - Level 6.0 Conjurations
 - Level 9.0 Ice Magic


You had 6 spell levels left.
You knew the following spells:

 Your Spells              Type           Power      Damage    Failure   Level
a - Freeze                Ice            100%       1d11      1%          1
b - Ozocubu's Armour      Ice            51%        N/A       1%          3
c - Frozen Ramparts       Ice            100%       1d12      1%          3
d - Hailstorm             Conj/Ice       44%        3d10      3%          4

Your spell library contained the following spells:

 Spells                   Type           Power      Damage    Failure   Level
 Beastly Appendage        Tmut           10%        N/A       9%          1
 Wereblood                Tmut           5%         N/A       13%         2
 Spider Form              Tmut/Pois      2%         N/A       26%         3
 Tukima's Dance           Hex            5%         N/A       26%         3
 Passage of Golubria      Tloc           N/A        N/A       63%         4
 Yara's Violent Unravell  Hex/Tmut       2%         3d3       93%         5


Dungeon Overview and Level Annotations

Branches:
Dungeon (7/15)             Temple (1/1) D:5           Sewer (visited)
Ossuary (visited)

Altars:
Ashenzari
Cheibriados
Dithmenos
Elyvilon
Fedhas
Gozag
Hepliaklqana
Kikubaaqudgha
Makhleb
Nemelex Xobeh
Okawaru
Qazlal
Ru
Sif Muna
Trog
Vehumet
Wu Jian
Xom
Yredelemnul
Zin
The Shining One

Annotations:
D:7 Harold


Innate Abilities, Weirdness & Mutations

You are immune to sickness and miasma.
Your stone body is resilient. (AC +7)
You are immune to poison.
You resist negative energy. (rN+)
You are resistant to electric shocks. (rElec)
You are resistant to unholy torment.
You are immune to petrification.


Message History

Confirm with . or Enter, or press ? or * to list all spells.
Casting: Hailstorm (dangerous; 3% risk of failure)
Press: ? - help, Dir - look around, f - activate A cannonade of hail descends around you!
The hail pelts Harold!
Harold is moderately wounded.
Harold hits you from afar with a +0 halberd of venom!!
* * * LOW HITPOINT WARNING * * *
You struggle against the net.
Harold fires a harpoon shot at you.
The harpoon shot hits you but does no damage.
You struggle against the net.
Harold hits you from afar with a +0 halberd of venom!
* * * LOW HITPOINT WARNING * * *
You struggle against the net.
Harold hits you from afar with a +0 halberd of venom.
* * * LOW HITPOINT WARNING * * *
You rip the net and break free!
Harold barely misses you.
Your icy armour will break if you move.
Continue?
Harold throws a throwing net.
The throwing net hits you.
You become entangled in the net!
You stop ascending the stairs.
Casting: Hailstorm (dangerous; 3% risk of failure)
Confirm with . or Enter, or press ? or * to list all spells.
Casting: Hailstorm (dangerous; 3% risk of failure)
Press: ? - help, Dir - look around, f - activate
Okay, then.
Aiming: Charm
Press: ? - help, Shift-Dir - straight line, f - Harold
Aim: Harold, wielding a +0 halberd of venom and wearing a +0 scale mail (moderately wounded, chance to affect: 15%)
Okay, then.
Enter note: - this is just not to be
Aiming: Charm
Press: ? - help, Shift-Dir - straight line, f - Harold
Aim: Harold, wielding a +0 halberd of venom and wearing a +0 scale mail (moderately wounded, chance to affect: 15%)
Okay, then.
Okay, then.
It was a potion of attraction.
You feel attractive to monsters.
Harold hits you from afar with a +0 halberd of venom.
You die...

#........
#.......
###.......
.........#
.........#
.....@...#
.........#
.......@.#
##########


You could see Harold.

Vanquished Creatures
  Pikel (D:5)
  Prince Ribbit (D:5)
  Eustachio (D:5)
  Edmund (D:5)
  A water moccasin (D:5)
  Duvessa (D:5)
  2 ice beasts (D:6)
  2 necrophages (D:6)
  3 ogres
  A lemure (D:5)
  2 bullfrogs (Sewer)
  15 scorpions
  Dowan (D:5)
  A wight (D:6)
  A howler monkey (D:6)
  2 centaur zombies (Ossuary)
  A human zombie (Ossuary)
  4 orc priests
  2 hounds
  A bullfrog skeleton (D:4)
  A jelly (D:6)
  4 iguanas
  4 scorpion zombies (Ossuary)
  5 orc wizards
  A hound skeleton (D:4)
  3 mummies (Ossuary)
  Robin (D:2)
  3 gnolls (D:5)
  10 adders
  A shadow imp (D:6)
  An ufetubus (D:6)
  An adder zombie (D:5)
  An adder skeleton (D:4)
  3 worms
  2 dart slugs
  18 orcs
  6 endoplasms
  8 giant cockroaches
  3 gnoll zombies (Ossuary)
  16 goblins
  9 hobgoblins
  4 jackals
  7 quokkas
  14 ball pythons
  2 bats
  5 frilled lizards
  A goblin zombie (Ossuary)
  4 hobgoblin zombies (Ossuary)
  6 kobolds
  3 kobold zombies (Ossuary)
  An orc zombie (Ossuary)
  8 rats
200 creatures vanquished.

Notes
Turn   | Place    | Note
-------+----------+-------------------------------------------
     0 | D:1      | grimtooth the Gargoyle Ice Elementalist began the quest for
                  | the Orb.
     0 | D:1      | Reached XP level 1. HP: 10/10 MP: 3/3
   146 | D:1      | Reached XP level 2. HP: 15/15 MP: 1/5
   311 | D:1      | Found a faded altar of an unknown god.
  1374 | D:2      | Reached XP level 3. HP: 19/19 MP: 6/6
  1493 | D:2      | Noticed Robin
  1525 | D:2      | Killed Robin
  1526 | D:2      | Reached skill level 5 in Ice Magic
  1526 | D:2      | Reached XP level 4. HP: 24/24 MP: 8/8
  2430 | D:3      | Found a glowing drain.
  2462 | D:3      | Learned a level 3 spell: Ozocubu's Armour
  2466 | D:3      | Learned a level 3 spell: Frozen Ramparts
  2469 | Sewer    | Entered a sewer
  2489 | Sewer    | Reached XP level 5. HP: 28/28 MP: 9/9
  2725 | Sewer    | Reached skill level 6 in Ice Magic
  2731 | Sewer    | Reached XP level 6. HP: 16/32 MP: 11/11
  2824 | Sewer    | Identified the +1 pair of gloves of the Bull {rPois}
  3851 | D:4      | Reached skill level 7 in Ice Magic
  3920 | D:4      | Reached XP level 7. HP: 35/36 MP: 13/13
  4059 | D:4      | Found an ornate altar of the Wu Jian Council.
  4193 | D:4      | Found a snail-covered altar of Cheibriados.
  4314 | D:4      | Reached skill level 8 in Ice Magic
  4877 | D:4      | Found a radiant altar of Vehumet.
  5153 | D:5      | Entered Level 5 of the Dungeon
  5153 | D:5      | Noticed Duvessa
  5153 | D:5      | Noticed Dowan
  5153 | D:5      | Noticed Prince Ribbit
  5158 | D:5      | Killed Duvessa
  5158 | D:5      | Killed Prince Ribbit
  5159 | D:5      | Reached skill level 9 in Ice Magic
  5159 | D:5      | Reached XP level 8. HP: 29/41 MP: 14/14
  5159 | D:5      | Killed Dowan
  5165 | D:5      | Learned a level 4 spell: Hailstorm
  5251 | D:5      | Reached skill level 1 in Fighting
  5289 | D:5      | Noticed Pikel
  5300 | D:5      | Killed Pikel
  5422 | D:5      | Noticed Eustachio
  5501 | D:5      | Noticed Edmund
  5515 | D:5      | Killed Edmund
  5516 | D:5      | Reached skill level 5 in Armour
  5516 | D:5      | Reached skill level 5 in Conjurations
  5516 | D:5      | Reached XP level 9. HP: 36/47 MP: 15/15
  5584 | D:5      | Killed Eustachio
  5746 | D:5      | Found a staircase to the Ecumenical Temple.
  6108 | Temple   | Entered the Ecumenical Temple
  6120 | Temple   | Became a worshipper of Sif Muna the Loreminder
  6186 | D:6      | Found a sand-covered staircase.
  6191 | Ossuary  | Entered an ossuary
  6724 | Ossuary  | Reached * piety under Sif Muna
  6725 | Ossuary  | Reached skill level 5 in Fighting
  6812 | Ossuary  | Reached skill level 1 in Maces & Flails
  7110 | D:6      | Reached XP level 10. HP: 60/60 MP: 16/16
  7844 | D:6      | Reached skill level 1 in Short Blades
  7844 | D:6      | Reached skill level 5 in Maces & Flails
  7976 | D:7      | Noticed Harold
  7985 | D:7      | HP: 2/60 [Harold (2)]
  7988 | D:7      | - this is just not to be
  7988 | D:7      | Slain by Harold

Illustrated notes

#........
#.......
###.......
.........#
.........#
.....@...#
.........#
.......@.#
##########


Turn 7988 on D:7: - this is just not to be

Levels and vault maps discovered:
D:1:      denvon_arrival_planthouse, layout_basic,
          dreamdust_ecumenical_altar_hidden_monk_grotto
D:2:      layout_basic, minmay_between, uniq_robin
D:3:      layout_loops_ring, portal_sewer_entry_b
D:4:      minmay_angry_zag, layout_basic, lemuel_round_altar,
          mainiacjoe_overflow_catch_the_wave, chequers_mini_garden,
          kennysheep_opposing_triangles
D:5:      layout_loops_ring, minmay_temple_entry_proselytizer, uniq_pikel,
          uniq_edmund, uniq_eustachio, uniq_duvessa, uniq_prince_ribbit1
D:6:      kennysheep_six_static_rooms, layout_basic, enter_ossuary_2,
          glass_columns_a, grunt_tough_drop
D:7:      layout_gridville, hellmonk_guarded_unrand_vines, uniq_harold,
          uniq_joseph
Temple:   nicolae_temple_no_exploring_needed

Skill      XL: |  1  2  3  4  5  6  7  8  9 10 |
---------------+-------------------------------+-----
Ice Magic      | 5 6 7 9 |  9.0
Spellcasting   | 3 4 |  4.0
Armour         | 2 5 6 |  6.0
Fighting       | 1 6 |  6.0
Conjurations   | 5 6 |  6.0
Maces & Flails | 3 5 |  5.2
Short Blades   | 1 |  1.4
Dodging        | |  1.5
Stealth        | |  2.1

Action                   |  1- 3 |  4- 6 |  7- 9 | 10-12 || total
-------------------------+-------+-------+-------+-------++-------
Melee: Dagger            |     1 |    21 |   110 |    20 ||   152
 Fire: Hunting sling     |    35 |    96 |    64 |       ||   195
Throw: Dart              |    16 |    13 |    36 |    14 ||    79
 Cast: Freeze            |    38 |    62 |    31 |     3 ||   134
       Frozen Ramparts   |       |     4 |    20 |     3 ||    27
       Ozocubu's Armour  |       |     3 |    22 |     8 ||    33
       Hailstorm         |       |       |    36 |    17 ||    53
  Use: Potion            |       |       |       |     1 ||     1
 Stab: Sleeping          |     1 |     2 |     1 |     1 ||     5
Armor: Robe              |     9 |       |       |       ||     9
       Animal skin       |       |    23 |    75 |    11 ||   109
Dodge: Dodged            |    15 |    33 |    60 |     9 ||   117
